 Dungeon Crawl Stone Soup version 0.30-a0-778-g2ef04afb54 (webtiles) character file.

Game seed: 16185241484426915009

252 porpoise the Sneak (level 6, 0/44 HPs)
             Began as a Gnoll Enchanter on Feb 16, 2023.
             Slain by a wyvern (13 damage)
             ... on level 5 of the Dungeon.
             The game lasted 00:12:21 (2721 turns).

porpoise the Sneak (Gnoll Enchanter)                Turns: 2721, Time: 00:12:21

Health: 0/44       AC:  3    Str:  7    XL:     6   Next: 14%
Magic:  7/14       EV: 15    Int: 16    God:
Gold:   71         SH:  0    Dex: 19    Spells: 7/15 levels left

rFire   . . .      SeeInvis .    a - +1 dagger
rCold   . . .      Faith    .    (no shield)
rNeg    . . .      Spirit   .    b - +1 robe
rPois   .          Reflect  .    (no helmet)
rElec   .          Harm     .    (no cloak)
rCorr   .          Rampage  .    (no gloves)
Will    .....                    (no boots)
Stlth   ++++                     (no amulet)
HPRegen 0.27/turn                f - +6 ring of dexterity
MPRegen 0.14/turn                (no ring)

@: weakened
A: fangs 1, strong nose, distributed training
a: no special abilities


You were on level 5 of the Dungeon.
You visited 1 branch of the dungeon, and saw 4 of its levels.

You collected 119 gold pieces.
You spent 48 gold pieces at shops.

Inventory:

Hand Weapons
 a - a +1 dagger (weapon)
Armour
 b - a +1 robe (worn)
 d - a scarf of harm
Jewellery
 f - a +6 ring of dexterity (left hand)
 k - a ring of protection from fire
 n - an amulet of guardian spirit
Scrolls
 e - a scroll of immolation
 m - a scroll of blinking
Potions
 c - 2 potions of invisibility
 h - 3 potions of haste
 i - a potion of resistance
 o - a potion of might {unknown}


   Skills:
 + Level 1.9 Fighting
 + Level 3.2 Short Blades
 + Level 1.9 Long Blades
 + Level 1.9 Axes
 + Level 1.9 Maces & Flails
 + Level 1.9 Polearms
 + Level 1.9 Staves
 + Level 1.9 Ranged Weapons
 + Level 1.9 Throwing
 + Level 1.9 Armour
 + Level 4.9 Dodging
 + Level 6.2 Stealth
 + Level 1.9 Shields
 + Level 1.9 Unarmed Combat
 + Level 5.3 Spellcasting
 + Level 1.5 Conjurations
 + Level 5.6 Hexes
 + Level 1.5 Summonings
 + Level 1.5 Necromancy
 + Level 1.5 Translocations
 + Level 1.5 Transmutations
 + Level 1.5 Fire Magic
 + Level 1.5 Ice Magic
 + Level 1.5 Air Magic
 + Level 1.5 Earth Magic
 + Level 1.5 Poison Magic
 + Level 2.1 Invocations
 + Level 1.9 Evocations


You had 7 spell levels left.
You knew the following spells:

 Your Spells              Type           Power      Damage    Failure   Level
a - Confusing Touch       Hex            22%        N/A       4%          3
e - Ensorcelled Hibernat  Hex/Ice        30%        N/A       4%          2
t - Tukima's Dance        Hex            22%        N/A       4%          3

Your spell library contained the following spells:

 Spells                   Type           Power      Damage    Failure   Level
 Dazzling Flash           Conj/Hex       30%        N/A       10%         3


Dungeon Overview and Level Annotations

Branches:
Dungeon (5/15)
 Temple: D:4-7

Altars:
Qazlal

Shops:
D:1 (!   D:2 [*:(*


Innate Abilities, Weirdness & Mutations

You have very sharp teeth.
Your uncanny sense of smell can sniff out nearby items.
Your experience applies equally to all skills.


Message History

You impale the gnoll!!
You kill the gnoll!
A white imp comes into view.
You barely miss the wyvern. The wyvern closely misses you.
The wyvern misses you.
Casting: Confusing Touch (dangerous; 4% risk of failure)
Confirm with . or Enter, or press ? or * to list all spells.
Your hands begin to glow red.
The wyvern bites you!
You hit the wyvern but do no damage. Your bite misses the wyvern.
The wyvern closely misses you.
You hit the wyvern but do no damage.
The wyvern appears confused.
The gnoll bouda gazes fiercely through you!
You feel your attacks grow feeble.
The wyvern completely misses the ufetubus.
You hit the wyvern but do no damage. The wyvern bites you!
* * * LOW HITPOINT WARNING * * *
The wyvern bites itself but does no damage.
You feel much better.
A gnoll comes into view. It is wielding a +0 club.
The wyvern barely misses itself.
You barely miss the wyvern. You hit the wyvern but do no damage.
The wyvern bites itself!
You catch the helpless wyvern completely off-guard!
You puncture the wyvern!
The wyvern is severely wounded.
The wyvern closely misses you.
You hit the wyvern but do no damage.
The wyvern is severely wounded.
The wyvern closely misses the ufetubus.
You barely miss the wyvern.
The wyvern is severely wounded.
The wyvern bites you!!
* * * LOW HITPOINT WARNING * * *
You feel better.
The white imp shouts, "Back with thee, thou puking dizzy-eyed guttersnipe!"
The wyvern closely misses you.
You hit the wyvern.
The wyvern is severely wounded.
The wyvern bites you!
You die...

# #. #..
#..g##########
.#..S5l@......#
#...g########.#
#..§§.###### #.#
..P≈≈P.....# #.#
.#.P.....#.#
#.######
..####...#.#
#....†.#
.....'...#.#
######.#
.####...#.########.#
.............h.>.#


You could see a wyvern (confused), a gnoll bouda, a gnoll (swift), an adder and
an ufetubus.

Vanquished Creatures
  A black bear (D:5)
  3 gnolls
  4 adders
  A white imp (D:5)
  2 worms (D:2)
  2 dart slugs
  2 orcs
  5 ball pythons
  6 endoplasms
  4 giant cockroaches
  6 goblins
  7 hobgoblins
  7 quokkas
  13 bats
  2 frilled lizards
  7 kobolds
  6 rats
78 creatures vanquished.

Vanquished Creatures (others)
  2 demonic plants (D:5)
  3 plants (D:2)
5 creatures vanquished.

Grand Total: 83 creatures vanquished

Notes
Turn   | Place    | Note
-------+----------+-------------------------------------------
     0 | D:1      | porpoise the Gnoll Enchanter began the quest for the Orb.
     0 | D:1      | Reached XP level 1. HP: 13/13 MP: 6/6
    63 | D:1      | Found Lutoaff's Weapon Emporium.
   156 | D:1      | Reached XP level 2. HP: 15/19 MP: 7/7
   183 | D:1      | Learned a level 2 spell: Ensorcelled Hibernation
   204 | D:1      | Found Caprus's Distillery.
   798 | D:2      | Reached skill level 5 in Spellcasting
   798 | D:2      | Reached XP level 3. HP: 25/25 MP: 7/9
   821 | D:2      | Learned a level 3 spell: Confusing Touch
   825 | D:2      | Learned a level 3 spell: Tukima's Dance
   843 | D:2      | Reached skill level 6 in Stealth
   886 | D:2      | Found Vofego Caxku's Assorted Antiques.
   893 | D:2      | Reached skill level 1 in Invocations
   895 | D:2      | Bought a purple potion for 24 gold pieces
   895 | D:2      | Bought a sedimented clear potion for 24 gold pieces
   909 | D:2      | Reached skill level 1 in Fighting
   909 | D:2      | Reached skill level 1 in Long Blades
   909 | D:2      | Reached skill level 1 in Axes
   909 | D:2      | Reached skill level 1 in Maces & Flails
   909 | D:2      | Reached skill level 1 in Polearms
   909 | D:2      | Reached skill level 1 in Staves
   909 | D:2      | Reached skill level 1 in Ranged Weapons
   909 | D:2      | Reached skill level 1 in Throwing
   909 | D:2      | Reached skill level 1 in Armour
   909 | D:2      | Reached skill level 1 in Shields
   909 | D:2      | Reached skill level 1 in Unarmed Combat
   909 | D:2      | Reached skill level 1 in Evocations
  1046 | D:2      | Found Segoev's General Store.
  1130 | D:2      | Found Ufryrch's Antique Armour Shop.
  1258 | D:2      | Reached XP level 4. HP: 32/32 MP: 11/11
  1356 | D:2      | Reached skill level 1 in Conjurations
  1356 | D:2      | Reached skill level 1 in Summonings
  1356 | D:2      | Reached skill level 1 in Necromancy
  1356 | D:2      | Reached skill level 1 in Translocations
  1356 | D:2      | Reached skill level 1 in Transmutations
  1356 | D:2      | Reached skill level 1 in Fire Magic
  1356 | D:2      | Reached skill level 1 in Ice Magic
  1356 | D:2      | Reached skill level 1 in Air Magic
  1356 | D:2      | Reached skill level 1 in Earth Magic
  1356 | D:2      | Reached skill level 1 in Poison Magic
  1513 | D:2      | Found Istaax's Book Shop.
  1527 | D:2      | Found Ixteiguc's Weapon Shop.
  1701 | D:3      | Found a stormy altar of Qazlal.
  2471 | D:3      | Reached XP level 5. HP: 37/37 MP: 8/12
  2639 | D:3      | You fall into a shaft and drop 2 floors!
  2639 | D:5      | Entered Level 5 of the Dungeon
  2644 | D:5      | Noticed a black bear
  2646 | D:5      | Noticed a wyvern
  2680 | D:5      | Killed a black bear
  2681 | D:5      | Reached XP level 6. HP: 44/44 MP: 11/14
  2721 | D:5      | Slain by a wyvern

Illustrated notes

Levels and vault maps discovered:
D:1:      saegor_arrival_simple_c, layout_loops_ring, serial_shops,
          nicolae_shop_temple_entry_statues_fountains, nicolae_diamond_shop
D:2:      layout_basic, serial_shops, nicolae_shop_overgrown_old_shop,
          nicolae_shop_trees, shop, nicolae_shop_competitors_out_of_business,
          shop, minmay_nonomino_d4
D:3:      kb_forest_paths, layout_basic, mainiacjoe_overflow_small_starburst,
          roderic_batcave
D:5:      layout_basic, serial_demonic, serial_demonic_g, serial_demonic_f,
          serial_demonic_g, serial_demonic_d

Skill      XL: |  1  2  3  4  5 |
---------------+----------------+-----
Spellcasting   | 5 |  5.3
Stealth        | 6 |  6.2
Invocations    | 1 2 |  2.1
Fighting       | 1 |  1.9
Long Blades    | 1 |  1.9
Axes           | 1 |  1.9
Maces & Flails | 1 |  1.9
Polearms       | 1 |  1.9
Staves         | 1 |  1.9
Ranged Weapons | 1 |  1.9
Throwing       | 1 |  1.9
Armour         | 1 |  1.9
Shields        | 1 |  1.9
Unarmed Combat | 1 |  1.9
Evocations     | 1 |  1.9
Conjurations   | 1 |  1.5
Summonings     | 1 |  1.5
Necromancy     | 1 |  1.5
Translocations | 1 |  1.5
Transmutations | 1 |  1.5
Fire Magic     | 1 |  1.5
Ice Magic      | 1 |  1.5
Air Magic      | 1 |  1.5
Earth Magic    | 1 |  1.5
Poison Magic   | 1 |  1.5
Short Blades   | 3 |  3.2
Dodging        | |  4.9
Hexes          | |  5.6

Action                     |  1- 3 |  4- 6 || total
---------------------------+-------+-------++-------
  Melee: Dagger            |    67 |   118 ||   185
         Bite              |     3 |     7 ||    10
         Punch             |       |     3 ||     3
   Cast: Ensorcelled Hiber |     8 |    15 ||    23
         Confusing Touch   |       |     9 ||     9
    Use: Scroll            |       |     8 ||     8
         Potion            |       |     2 ||     2
   Stab: Sleeping          |    23 |    24 ||    47
         Confused          |       |     6 ||     6
         Distracted        |       |     1 ||     1
 Armour: Robe              |     8 |    23 ||    31
  Dodge: Dodged            |    23 |    64 ||    87

Table legend: (Time is in decaauts)
 A = Elapsed time spent in this place.
 B = Non-inter-level travel time spent in this place.
 C = Inter-level travel time spent in this place.
 D = Time resting spent in this place.
 E = Time spent auto-exploring this place.
 F = Levels seen in this place.
 G = Mean time per level.
                   A        B        C        D        E       F      G
               +--------+--------+--------+--------+--------+-----+--------+
         Total |   2695 |   2666 |     29 |    526 |   1528 |   4 |  673.8 |
       Dungeon |   2695 |   2666 |     29 |    526 |   1528 |   4 |  673.8 |
               +--------+--------+--------+--------+--------+-----+--------+

Top non-repeatable levels by time:
     D:3: 931 daAuts
     D:2: 904 daAuts
     D:1: 780 daAuts
     D:5: 79 daAuts
